 Dungeon Crawl Stone Soup version 0.22-a0-833-g8522bf8 (webtiles) character file.

155 inc the Magician (level 5, -2/35 HPs)
             Began as a Mummy Fire Elementalist on July 25, 2018.
             Slain by an orc wizard
             ... wielding a +0 dagger
              (3 damage)
             ... on level 3 of the Dungeon.
             The game lasted 00:03:45 (2734 turns).

inc the Magician (Mummy Fire Elementalist)          Turns: 2734, Time: 00:03:45

Health: -2/35      AC:  4    Str: 11    XL:     5   Next: 14%
Magic:  1/10       EV: 12    Int: 16    God:
Gold:   144        SH:  0    Dex: 12    Spells: 3/11 levels left

rFire    x . .     SeeInvis .   l - +2 flail (drain)
rCold    + . .     Gourm    .   (no shield)
rNeg     + + +     Faith    .   h - +2 robe {MR+}
rPois    ∞         Spirit   .   (no helmet)
rElec    .         Reflect  .   (no cloak)
rCorr    .         Harm     .   (no gloves)
MR       +....                  (no boots)
Stlth    ++........             (no amulet)
HPRegen  0.11/turn              (no ring)
MPRegen  0.12/turn              (no ring)

@: no status effects
A: no food or potions, fire vulnerability, cold resistance 1, negative energy
resistance 3, torment resistance, unbreathing
a: no special abilities


You were on level 3 of the Dungeon.
You were not hungry.

You visited 1 branch of the dungeon, and saw 3 of its levels.

You collected 144 gold pieces.

Inventory:

Hand Weapons
 c - a +0 dagger
 k - a +2 mace of venom
 l - a +2 flail of draining (weapon)
Armour
 a - a +0 robe
 h - a +2 robe of magic resistance (worn)
Jewellery
 e - an uncursed ring of see invisible {unknown}
 g - a +1 ring of evasion {unknown}
Scrolls
 b - a scroll of remove curse {unknown}
 d - a scroll of identify {unknown}
 f - 4 scrolls of blinking {unknown}
 i - a scroll of immolation {unknown}
 j - a scroll of fear {unknown}


   Skills:
 - Level 1.5 Dodging
 - Level 1.5 Stealth
 + Level 3.8 Spellcasting
 + Level 3.1 Conjurations
 + Level 3.0 Fire Magic


You had 3 spell levels left.
You knew the following spells:

 Your Spells              Type           Power        Failure   Level  Hunger
a - Flame Tongue          Conj/Fire      ##...        4%          1    N/A
b - Conjure Flame         Conj/Fire      ##......     14%         3    N/A
c - Sticky Flame          Conj/Fire      ##......     43%         4    N/A

Your spell library contained the following spells:

 Spells                   Type           Power        Failure   Level  Hunger
 Fireball                 Conj/Fire      ##........   78%         5    N/A
 Confuse                  Hex            #.......     45%         3    N/A
 Throw Flame              Conj/Fire      ##....       7%          2    N/A
 Confusing Touch          Hex            #.....       17%         1    N/A
 Metabolic Englaciation   Hex/Ice        #.........   99%         5    N/A
 Petrify                  Tmut/Erth      #.......     86%         4    N/A
 Inner Flame              Hex/Fire       #.......     26%         3    N/A
 Gell's Gravitas          Tloc           #.........   45%         3    N/A
 Yara's Violent Unravell  Hex/Tmut       #.........   99%         5    N/A

Dungeon Overview and Level Annotations

Branches:
Dungeon (3/15)

Altars:
Elyvilon
Okawaru

Annotations:
D:3 Sigmund


Innate Abilities, Weirdness & Mutations

You do not eat or drink.
Your flesh is vulnerable to fire.
You are immune to poison.
Your flesh is cold resistant. (rC+)
You are immune to negative energy. (rN+++)
You are immune to unholy pain and torment.
You can survive without breathing.


Message History

Confirm with . or Enter, or press ? or * to list all spells.
Aiming: Flame Tongue (safe; 4% risk of failure)
Press: ? - help, Shift-Dir - straight line, f - orc wizard
Aim: an orc wizard, wielding a dagger and wearing a robe The flame tongue hits the orc wizard.
The orc wizard is lightly wounded.
The orc wizard gestures at you while chanting.
The puff of flame hits you! The fire burns you terribly!
* * * LOW HITPOINT WARNING * * *
The leopard gecko bites you.
* * * LOW HITPOINT WARNING * * *
Casting: Flame Tongue (safe; 4% risk of failure)
Confirm with . or Enter, or press ? or * to list all spells.
Aiming: Flame Tongue (safe; 4% risk of failure)
Press: ? - help, Shift-Dir - straight line, f/p - orc wizard
Aim: an orc wizard, wielding a dagger and wearing a robe (lightly wounded)
The flame tongue hits the orc wizard.
The orc wizard is moderately wounded.
The leopard gecko misses you. The orc wizard hits you with a dagger.
You die...

############
##..........##
##............##
#......<.......# ###
#..............#
..#######......l.......#
##
...).........o.o@......#
#.
#########..............#
##. # ####
##%............. ...
###..######.......(..###
##.
≈≈#.......††.##.######
#. †.'.######..###.# ##
.≈### ###....<# ##### #
.≈#######...##..###
#...# ##
+##.......#####...#
#...# #.


You could see an orc wizard, an orc and a leopard gecko.

Vanquished Creatures
  2 gnolls (D:2)
  3 adders
  An ooze (D:1)
  2 dart slugs
  A worm (D:3)
  4 leopard geckos
  5 orcs (D:3)
  6 bats
  5 giant cockroaches
  9 hobgoblins
  7 jackals
  10 kobolds
  2 quokkas (D:3)
  A ball python (D:3)
  6 frilled lizards
  14 goblins
  4 rats
82 creatures vanquished.

Notes
Turn   | Place    | Note
-------+----------+-------------------------------------------
     0 | D:1      | inc the Mummy Fire Elementalist began the quest for the Orb.
     0 | D:1      | Reached XP level 1. HP: 13/13 MP: 4/4
    71 | D:1      | Reached skill level 1 in Conjurations
   312 | D:1      | Reached XP level 2. HP: 10/19 MP: 0/5
  1066 | D:2      | Reached XP level 3. HP: 24/24 MP: 5/7
  1083 | D:2      | Learned a level 3 spell: Conjure Flame
  1220 | D:2      | Found an iron altar of Okawaru.
  1384 | D:2      | Reached XP level 4. HP: 29/30 MP: 3/8
  2489 | D:3      | Found a white marble altar of Elyvilon.
  2581 | D:3      | Noticed Sigmund
  2591 | D:3      | Learned a level 4 spell: Sticky Flame
  2609 | D:3      | Reached XP level 5. HP: 35/35 MP: 4/10
  2733 | D:3      | HP: 1/35 [leopard gecko (4)]
  2734 | D:3      | Slain by an orc wizard

Vault maps used:
D:1:      minmay_arrival_doors
D:2:      first_ration, okawaru_altar_gauntlet_db
D:3:      corexii_shack_village, nicolae_overflow_crystal_walls,
          kennysheep_generic_room_14, uniq_sigmund

Skill      XL: |  1  2  3  4 |
---------------+-------------+-----
Conjurations   | 1 2 3 |  3.1
Spellcasting   | 3 |  3.8
Fire Magic     | 3 |  3.0
Dodging        | |  1.5
Stealth        | |  1.5

Action                   |  1- 3 |  4- 6 || total
-------------------------+-------+-------++-------
Melee: Dagger            |    13 |     2 ||    15
       Flail             |       |     4 ||     4
 Cast: Flame Tongue      |    53 |    89 ||   142
Armor: Robe              |     7 |    17 ||    24
Dodge: Dodged            |    33 |    29 ||    62

Table legend:
 A = Spawn XP
 B = Non-spawn XP
 C = Spawn XP percentage of total XP
 D = Spawn monster count
 E = Non-spawn monster count
 F = Spawn count percentage of total count
 G = Total turns spent on level
                    A         B        C        D         E        F      G
               +---------+---------+-------+---------+---------+-------+---------
         Total |       0 |     222 |   0.0 |       0 |      82 |   0.0 |  2734
               +---------+---------+-------+---------+---------+-------+---------
           D:1 |       0 |      40 |   0.0 |       0 |      20 |   0.0 |  1062
           D:2 |       0 |      88 |   0.0 |       0 |      28 |   0.0 |   960
           D:3 |       0 |      94 |   0.0 |       0 |      34 |   0.0 |   712
               +---------+---------+-------+---------+---------+-------+---------
